 Dungeon Crawl Stone Soup version 0.20-a0-792-g09bcfd3 (webtiles) character file.

43 nono the Chucker (level 3, 0/18 HPs)
             Began as a Vine Stalker Hunter on Feb 28, 2017.
             Slain by a black bear (2 damage)
             ... on level 3 of the Dungeon.
             The game lasted 00:02:49 (444 turns).

nono the Chucker (Vine Stalker Hunter)               Turns: 444, Time: 00:02:50

Health: 0/18       AC:  3    Str: 15    XL:     3   Next: 58%
Magic:  0/4        EV: 11    Int: 11    God:
Gold:   47         SH:  0    Dex: 12    Spells: 2/2 levels left

rFire    . . .     SeeInvis .   a - +0 short sword
rCold    . . .     Gourm    .   b - +0 leather armour
rNeg     . . .     Faith    .   (no shield)
rPois    .         Spirit   +   (no helmet)
rElec    .         Reflect  .   (no cloak)
rCorr    .         Harm     .   (no gloves)
MR       .....                  (no boots)
Stlth    +.........             g - amulet of rage
Regen    0.1/turn               (no ring)
MPRegen  0.1/turn               e - -2 ring of dexterity (curse)

@: no status effects
A: fangs 2, magic shield, antimagic bite, no potion heal 3, rot immunity
a: Evoke Berserk Rage


You were on level 3 of the Dungeon.
You were not hungry.

You visited 1 branch of the dungeon, and saw 3 of its levels.

You collected 47 gold pieces.

Inventory:

Hand Weapons
 a - a +0 short sword (weapon)
Missiles
 c - 6 javelins (quivered)
 d - 2 throwing nets
Armour
 b - a +0 leather armour (worn)
Jewellery
 e - a cursed -2 ring of dexterity (left hand)
 g - an amulet of rage (around neck)
Scrolls
 m - a scroll of remove curse {unknown}
Potions
 h - 2 potions of curing {unknown}
 i - 3 potions of flight {unknown}
 l - a potion of lignification {unknown}
Comestibles
 f - 2 bread rations
 j - 2 royal jellies
 k - a chunk of flesh


   Skills:
 - Level 1.7 Fighting
 + Level 4.7 Throwing
 - Level 1.5 Dodging
 - Level 1.2 Stealth


You had 2 spell levels left.
You didn't know any spells.

Dungeon Overview and Level Annotations

Branches:
Dungeon (3/15)

Altars:
Yredelemnul


Innate Abilities, Weirdness & Mutations

You have extremely sharp teeth.
When hurt, damage is shared between your health and your magic reserves.
Your bite disrupts and absorbs the magic of your enemies.
Potions cannot restore your health.
You are immune to rotting.


Message History

Found a stone staircase leading down.
Found a puce potion.
h - 2 puce potions (gained 1)
Found a basalt altar of Yredelemnul.
Found a dagger.
You see here a dagger.
A black bear comes into view.
The black bear growls angrily.
Found a scroll labeled JOEVVE MODGHU and 25 arrows.
You fail to use your ability.
The black bear bites you. The black bear claws you.
The black bear barely misses you.
You fail to use your ability.
The black bear bites you!
* * * LOW HITPOINT WARNING * * *
The black bear claws you.
* * * LOW HITPOINT WARNING * * *
The black bear barely misses you.
You hit the black bear.
The black bear is lightly wounded.
The black bear completely misses you. x2; The black bear claws you.
You die...

#.######.#
#...##...#
###.######
#...##. #
#.######.#
#.)......#
####..#### #..#
#@.#
#...(.h...?....
#####.#..###.#.
.......
.##.##### .. .
. .


You could see a black bear.

Vanquished Creatures
  Terence (D:2)
  An adder (D:2)
  A giant cockroach (D:2)
  A goblin (D:1)
  A hobgoblin (D:2)
  A bat (D:1)
  4 frilled lizards
  2 rats (D:1)
12 creatures vanquished.

Notes
Turn   | Place    | Note
-------+----------+-------------------------------------------
     0 | D:1      | nono the Vine Stalker Hunter began the quest for the Orb.
     0 | D:1      | Reached XP level 1. HP: 11/11 MP: 2/2
   252 | D:2      | Reached skill level 4 in Throwing
   252 | D:2      | Reached XP level 2. HP: 15/15 MP: 3/3
   271 | D:2      | Noticed Terence
   295 | D:2      | Killed Terence
   295 | D:2      | Reached XP level 3. HP: 4/18 MP: 4/4
   412 | D:3      | Found a basalt altar of Yredelemnul.
   439 | D:3      | Noticed a black bear
   444 | D:3      | Slain by a black bear

Vault maps used:
D:1:      dpeg_arrival_rooms_with_view, minmay_domino_4
D:2:      cheibrodos_helix_gallery, nicolae_dithmenos_through_a_glass_darkly,
          first_bread, uniq_terence, uniq_jessica, uniq_iyjb
D:3:      overflow_temple_1_default, bh_walls_and_bars

Skill      XL: |  1 |
---------------+----+-----
Throwing       | 4 |  4.7
Fighting       | |  1.7
Dodging        | |  1.5
Stealth        | |  1.2

Action                   || total
-------------------------++-------
Melee: Short sword       ||    30
       Bite              ||     6
Throw: Javelin           ||     4
 Abil: Evoke Berserk Rag ||     2
 Stab: Sleeping          ||     1
Armor: Leather armour    ||     7
Dodge: Dodged            ||    17
